Unix NetHack Version 3.7.0-89 Work-in-progress - last build Nov 29 2023 03:14:05 (8663f69846b387d428bf56816b0fc57e108cd183,branch:master). Game began 2023-10-31 05:11:37, ended 2024-03-02 10:11:57. hilliance, chaotic male elven Wizard ----- ---------- ----- ----------- |...| ##.........| #....| #..........| ------------ #....| # |........| #|*... #|.........| |.....@....| #|<..| # |........-# #|...| ##|.........| -.....@....| #----- # |........|# #|...| # |.........| #|..........| # ## -----.----# #----- # |..........####|..........| # # ## # # # ---.------- ##--.----.---- # ## ## # # # ######### ############# # # # #### # # # # # #### ## ## # ## # ## ### # # # --------# ---%--------### # ---------.---- # #### # |......|# |..........| # # # |............. #### # # # |.......#### |........... #####-----# |............| ## -|------# |......| ##-.... ..| #....|# |............| # |..(....# -------- |..........| #|....# |............| |...>..| |..........| ....| -------------- |......| ------------ ----- |......| -----+-- Hilliance the Magician St:15 Dx:16 Co:18 In:19 Wi:16 Ch:12 Chaotic S:42170 Dlvl:10 $:0 HP:95(95) Pw:9(121) AC:-10 Xp:11/11229 T:18612 Satiated Burdened Latest messages: A scroll of teleportation lands on the altar. A potion of sickness lands on the altar. Your movements are now unencumbered. F - an uncursed scroll of teleportation. You have a little trouble lifting an uncursed potion of sickness. Continue? [ynq] (q) y You have a little trouble lifting H - an uncursed potion of sickness. Your movements are slowed slightly because of your load. What do you want to use or apply? [bf-hklyzGLPZ or ?*] b You have a little trouble removing i - 3 blessed potions of booze. What do you want to dip? [abf-iklyzCF-HJ-LNP-RWZ or ?*] ? What do you want to dip a +0 unicorn horn into? [iH or ?*] ? Interesting... What do you want to dip? [abf-iklyzCF-HJ-LNP-RWZ or ?*] h What do you want to dip a +0 unicorn horn into? [iH or ?*] ? Interesting... You stop. The priestess of Anhur doesn't want to swap places. What do you want to use or apply? [bf-hklyzGLPZ or ?*] b Restoring save file... Hello hilliance, the elven Wizard, welcome back to NetHack! Your movements are slowed slightly because of your load. Unix NetHack Version 3.7.0-89 Work-in-progress - last build Nov 29 2023 03:14:05 (8663f69846b387d428bf56816b0fc57e108cd183,branch:master). Pick an object. @ a human or elf (elven wizard called hilliance) Really quit? [yn] (n) y Do you want your possessions identified? [ynq] (y) q Inventory: Amulets a - an uncursed amulet of reflection (being worn) Weapons Q - the rustproof +0 Magicbane (alternate weapon; not wielded) Armor K - an uncursed +0 elven leather helm (being worn) W - an uncursed thoroughly rotted +1 pair of leather gloves (being worn) J - a blessed +2 pair of iron shoes (being worn) N - an uncursed +0 small shield (being worn) C - an uncursed rotted +0 cloak of magic resistance (being worn) q - a blessed greased +2 blue dragon scale mail (being worn) Scrolls F - an uncursed scroll of teleportation Potions i - 3 blessed potions of booze H - an uncursed potion of sickness Rings x - an uncursed ring of free action (on left hand) A - an uncursed +2 ring of gain constitution (on right hand) Wands y - a wand of sleep (0:1) Tools b - an uncursed bag of holding containing 76 items P - an uncursed blindfold l - an expensive camera (0:74) L - a magic marker (0:93) Z - a magic marker (0:29) G - a magic marker (1:10) z - a +0 pick-axe (weapon in hand) k - an uncursed skeleton key f - an uncursed tin opener h - a +0 unicorn horn Gems/Stones R - an uncursed luckstone g - a blessed touchstone Contents of the bag of holding: 3108 gold pieces a +1 aklys named +1 an uncursed +0 mummy wrapping an uncursed +0 Hawaiian shirt with a toucan motif 2 uncursed slime molds an uncursed carrot an uncursed cram ration an uncursed food ration 2 uncursed K-rations an uncursed lembas wafer 2 uncursed pears an uncursed tripe ration an uncursed egg an uncursed lizard corpse an uncursed lizard corpse 3 uncursed scrolls of blank paper a blessed scroll of create monster a cursed scroll of create monster 3 uncursed scrolls of earth an uncursed scroll of fire an uncursed scroll of magic mapping 2 blessed scrolls of remove curse an uncursed scroll of remove curse an uncursed scroll of scare monster an uncursed scroll of teleportation an uncursed spellbook of detect treasure an uncursed spellbook of drain life an uncursed spellbook of identify 2 uncursed potions of booze a cursed potion of booze 2 uncursed potions of confusion 2 uncursed potions of extra healing an uncursed potion of fruit juice an uncursed potion of gain level an uncursed potion of healing a blessed potion of object detection 3 uncursed potions of object detection an uncursed potion of polymorph a potion of holy water named holy an uncursed potion of water an uncursed greased ring of conflict an uncursed ring of fire resistance an uncursed +1 ring of gain constitution an uncursed ring of invisibility an uncursed ring of poison resistance an uncursed ring of polymorph control an uncursed -1 ring of protection an uncursed ring of protection from shape changers an uncursed ring of searching an uncursed ring of see invisible an uncursed ring of shock resistance an uncursed ring of slow digestion an uncursed ring of stealth an uncursed ring of warning a wand of locking (0:5) a wand of magic missile (0:2) a wand of polymorph (0:2) a wand of sleep (0:6) a wand of slow monster (0:6) a wand of speed monster (0:1) a wand of teleportation (0:0) a wand of undead turning (0:4) an empty uncursed greased sack an uncursed wooden flute a blessed oil lamp a +0 unicorn horn a +0 unicorn horn 2 uncursed amber stones 2 uncursed amethyst stones an uncursed black opal 2 uncursed diamonds 4 uncursed emeralds an uncursed jade stone an uncursed jasper stone 2 uncursed rubies an uncursed sapphire Hilliance the Wizard's attributes: Background: You were a Magician, a level 11 male elven Wizard. You were chaotic, on a mission for Anhur who was opposed by Ptah (lawful) and Thoth (neutral). You were in the Dungeons of Doom, on level 10. You entered the dungeon 18612 turns ago. You had 11229 experience points, 8771 more were needed to attain level 12. Your score was 42170 before end-of-game adjustments. Basics: You had all 95 hit points. You had 9 out of 121 energy points (spell power). Your armor class was -10. Your wallet was empty, but you had 3108 zorkmids stashed away in your pack. Autopickup was off. Final Characteristics: Your strength was 15 (limit:18). Your dexterity was 16 (peak:17, limit:18). Your constitution was 18 (base:16, innate limit:16). Your intelligence was 19 (limit:20). Your wisdom was 16 (limit:20). Your charisma was 12 (limit:18). Final Status: You were satiated. You were burdened; movement was slightly slowed. You were wielding a pick-axe. You had no skill with pick-axe. Final Attributes: You were piously aligned. You were magic-protected. You were cold resistant. You were sleep resistant. You were shock resistant. Your items were protected from electric shocks. You were poison resistant. You were telepathic. You had infravision. You had a small defense bonus (+2). You were warded. You were very fast. You had reflection. You had free action. You were extremely lucky. You had extra luck. Bad luck did not time out for you. Good luck did not time out for you. You survived. Miscellaneous: You encountered 1 bones level. Total elapsed playing time was 7 hours, 16 minutes and 19 seconds. Major events: Turn 1: hilliance the chaotic male elven Wizard entered the dungeon 850: attained the rank of Conjurer (level 3) 1267: entered the Gnomish Mines 3070: reached Mine Town 3135: attained the rank of Thaumaturge (level 6) 6879: entered Sokoban 7324: completed 1st Sokoban level 7925: completed 2nd Sokoban level 8674: completed 3rd Sokoban level 9779: completed 4th Sokoban level 9959: acquired the Sokoban amulet of reflection 14067: made his first wish - "blessed greased +2 blue dragon scale mail", got "a greased blue dragon scale mail" 14352: attained the rank of Magician (level 10) 14476: destroyed killer's ghost, the former Excursionist 14477: found Cleaver on the floor 15900: acquired the Mines' End luckstone 17452: was bestowed with Magicbane by Anhur 17756: entered the Bigroom 18612: quit Vanquished creatures: 2 ghosts a giant mimic a stalker 2 wargs 3 small mimics 3 xans an ettin mummy 2 quantum mechanics a sasquatch 3 wood golems 4 gelatinous cubes a pyrolisk 2 shocking spheres 3 tigers 4 tengu an energy vortex an elf mummy a python a cobra a wraith 3 carnivorous apes an ettin zombie 8 soldiers 4 watchmen a chameleon 7 giant beetles 2 cockatrices 5 wolves a winter wolf cub a panther 2 mumakil 2 giant spiders 3 scorpions a horse an ice vortex 2 black lights 2 vampire bats 4 gnome rulers 2 dwarf mummies 8 brown puddings a rust monster 4 owlbears a werewolf 7 lizards 4 chickatrices 2 dogs a housecat 3 jaguars 2 dwarf leaders 2 blue jellies a white unicorn 2 gray unicorns 2 dust vortices 4 ravens 4 plains centaurs 3 snakes 2 apes 4 human zombies a Woodland-elf 5 soldier ants an imp a quasit 3 wood nymphs 3 water nymphs 2 mountain nymphs 5 Uruk-hai an orc shaman 4 rock piercers 2 rock moles 4 fog clouds 10 yellow lights 4 shriekers 5 violet fungi 16 gnome leaders 8 gnomish wizards 3 kobold mummies 2 gray oozes 2 elf zombies 2 ghouls a straw golem 2 paper golems 21 giant ants 8 floating eyes 22 dwarves a homunculus 2 kobold leaders 2 kobold shamans 25 hill orcs 10 rothes a rabid rat 3 centipedes 2 giant bats a monkey an orc zombie 10 dwarf zombies 4 wererats a werejackal 8 iguanas 2 killer bees 6 acid blobs 3 gas spores 10 hobbits 4 manes 2 large kobolds 4 hobgoblins 7 giant rats 8 cave spiders 2 brown molds 3 yellow molds a green mold a red mold 57 gnomes 2 gnome zombies 14 geckos 11 jackals 2 foxes 4 kobolds 2 goblins 8 sewer rats 6 grid bugs 3 bats 3 lichens a kobold zombie 13 newts 535 creatures vanquished. No species were genocided or became extinct. Voluntary challenges: You read items or engraved 37 times. You never engraved Elbereth. You never genocided any monsters. You never changed form. You used 1 wish. You did not wish for any artifacts. You did not violate any of the special Sokoban rules. Achievements: You entered a shop. You attained the rank of Conjurer. You entered the Gnomish Mines. You entered Minetown. You entered a temple. You attained the rank of Thaumaturge. You entered Sokoban. You completed Sokoban. You attained the rank of Magician. You completed the Gnomish Mines. You entered the Big Room. The Dungeons of Doom: levels 1 to 12 Level 1: A grave. Level 2: A fountain. Level 3: A potion shop. Stairs down to The Gnomish Mines. Level 4: Level 5: Some fountains. Level 6: Many fountains. Oracle of Delphi. Level 7: Stairs up to Sokoban, level 6. Level 8: A fountain. Final resting place for killer-Tou-Hum-Fem-Neu, killed by a white unicorn. Level 9: Level 10: <- You were here. A temple and an altar to Anhur. Level 11: "black uni" A fountain, many trees. A very big room. Level 12: The Gnomish Mines: levels 4 to 11 Level 4: Level 5: Level 6: Level 7: Many shops, a temple and an altar, many fountains. Level 8: Level 9: Level 10: Level 11: Sokoban: levels 6 up to 3 Level 3: Solved. Level 4: Solved. Level 5: Solved. Level 6: Solved. Goodbye hilliance the Wizard... You quit in The Dungeons of Doom on dungeon level 10 with 42170 points, and 3108 pieces of gold, after 18612 moves. You were level 11 with a maximum of 95 hit points when you quit.